 Dungeon Crawl Stone Soup version 0.17.1-3-g152610e (webtiles) character file.

82 Jerry the Skirmisher (level 4, 0/45 HPs)
             Began as an Ogre Necromancer on Mar 30, 2016.
             Slain by an orc wizard
             ... wielding a +0 dagger
              (3 damage)
             ... on level 3 of the Dungeon.
             The game lasted 00:09:01 (2227 turns).

Jerry the Skirmisher (Ogre Necromancer)             Turns: 2227, Time: 00:09:02

Health: 0/45       AC:  3    Str: 13    XL:     4   Next: 43%
Magic:  12/16      EV: 10    Int: 14    God:
Gold:   116        SH:  0    Dex: 11    Spells: 1 memorised, 6 levels left

rFire  . . .     SeeInvis .     r - +0 whip
rCold  . . .     Clarity  .     a - +0 robe
rNeg   . . .     SustAt   .     (no shield)
rPois  .         Gourm    .     (helmet restricted)
rElec  .         Spirit   .     (no cloak)
rCorr  .         Warding  .     (gloves unavailable)
rMut   .         Stasis   .     (boots unavailable)
MR     .....                    (no amulet)
Stlth  +.........               (no ring)
                                i - ring of magical power

@: not resistant to hostile enchantments, very unstealthy
A: unfitting armour, tough skin 1
a: no special abilities


You were on level 3 of the Dungeon.
You were not hungry.

You visited 1 branch of the dungeon, and saw 3 of its levels.

You collected 116 gold pieces.

Inventory:

Hand Weapons
 e - a +0 dagger
 r - a +0 whip (weapon)
Armour
 a - a +0 robe (worn)
Jewellery
 i - a ring of magical power (left hand)
Scrolls
 f - a scroll of identify {unknown}
 n - a scroll of remove curse {unknown}
 p - a scroll of random uselessness {unknown}
 q - a scroll of fog {unknown}
Potions
 d - a potion of cure mutation {unknown}
 g - a potion of heal wounds {unknown}
 h - a potion of mutation {unknown}
 j - a potion of curing {unknown}
 l - a potion of cancellation {unknown}
Books
 b - a book of Necromancy

   Spells                             Type                      Level
   a - Pain                           Necromancy                   1
   b - Animate Skeleton               Necromancy                   1
   c - Vampiric Draining              Necromancy                   3
   d - Regeneration                   Charms/Necromancy            3
   e - Animate Dead                   Necromancy                   4
   f - Control Undead                 Necromancy                   4
Comestibles
 c - 3 bread rations
 k - a slice of pizza
 m - a beef jerky


   Skills:
 + Level 3.1 Fighting
 + Level 3.0 Dodging
 - Level 1.5 Stealth
 - Level 2.4 Spellcasting
 + Level 3.1 Necromancy


You had 6 spell levels left.
You knew the following spells:

 Your Spells              Type           Power        Failure   Level  Hunger
a - Pain                  Necr           ##..         10%         1    #......


Dungeon Overview and Level Annotations

Branches:
Dungeon (3/15)

Altars:


Innate Abilities, Weirdness & Mutations

You are too large for most types of armour.
You have tough skin (AC +1).


Message History

You completely miss the orc wizard.
The orc wizard is severely wounded.
The orc wizard completely misses you.
You hit the orc wizard.
The orc wizard is almost dead.
The orc wizard barely misses you. The orc wizard hits you with a dagger.
* * * LOW HITPOINT WARNING * * *
You hit the orc wizard but do no damage.
The orc wizard is almost dead.
The orc wizard hits you but does no damage.
You barely miss the orc wizard.
The orc wizard is almost dead.
The orc wizard mumbles some strange words.
The orc wizard flickers and vanishes!
You miss something.
You hear some strange, mumbled words.
A puff of flame appears from out of thin air!
The puff of flame misses you.
You barely miss something. Something hits you.
You die...

.# #.# #.# ### ###.#
#.###<#.# #######...@.#.# #
........#{#.#.#### #
##...##.#.#...##.# ########
##...##.......##.###......'
..................##.######
.....###.............# #
..## #...............#
##.......>)..##.#
####.#.#######.#


There were no monsters in sight!

Vanquished Creatures
  A gnoll (D:3)
  3 adders (D:2)
  2 giant geckos
  2 orcs (D:3)
  5 bats
  4 hobgoblins
  2 quokkas (D:2)
  2 ball pythons
  3 giant cockroaches
  2 giant newts (D:1)
  9 goblins
  2 kobolds
  5 rats (D:1)
42 creatures vanquished.

Notes
Turn   | Place    | Note
--------------------------------------------------------------
     0 | D:1      | Jerry the Ogre Necromancer began the quest for the Orb.
     0 | D:1      | Reached XP level 1. HP: 16/16 MP: 3/3
   280 | D:1      | Reached skill level 1 in Fighting
   280 | D:1      | Reached XP level 2. HP: 17/27 MP: 5/5
  1420 | D:2      | Reached skill level 3 in Necromancy
  1420 | D:2      | Reached XP level 3. HP: 32/36 MP: 6/6
  1862 | D:2      | Reached XP level 4. HP: 39/44 MP: 7/7
  2223 | D:3      | HP: 2/45 [orc wizard/dagger (1)]
  2227 | D:3      | Slain by an orc wizard

Action                   |  1- 3 |  4- 6 || total
-------------------------+-------+-------++-------
Melee: Dagger            |   103 |     2 ||   105
       Unarmed           |     4 |       ||     4
       Whip              |       |    12 ||    12
 Cast: Pain              |    25 |    23 ||    48
 Stab: Sleeping          |     2 |     1 ||     3
  Eat: Chunk             |     3 |     2 ||     5
